[ AOE2 MATCH · #505173910 ]
UnrankedShu vs Khmer
Player's team · WIN
Rival team · LOSS
[ REPLAY ANALYSIS · EXTRACTED FROM THE RECORDED GAME ]
Feudal
10:57
Castle
21:16
Imperial
40:14
| APM avg | 49.0 |
| APM peak | 78 |
| eAPM avg | 24.0 |
| Villagers / military | 163 / 44 |
Focus
⚔️ 40.4% · 🌾 59.6%
Unknown (1959) ×211 · Archer ×28 · Monk ×6 · Mangonel ×6 · Militia ×4 · Unknown (1962) ×1
Feudal
8:50
Castle
21:48
Imperial
40:26
| APM avg | 48.5 |
| APM peak | 92 |
| eAPM avg | 25.0 |
| Villagers / military | 159 / 65 |
Focus
⚔️ 35.2% · 🌾 64.8%
Skirmisher ×36 · Knight ×10 · Hand Cannoneer ×10 · Mangonel ×4 · Monk ×2 · Scorpion ×2
Match map
Initial resources + every placement click. Lines = walls · curves = elevation contours. ◆ gold · ⬟ stone · ● berries · ✦ relic · ◌ wall gap
Your base· Open — 4t gap
[CL] el castigador's base· ✓ Closed at 21:48 · 48t walls · 5 gate(s)
Smoothed initial terrain · ◌ = detected wall gap · hover for details
Inputs per minute
— ArcherX - - [CL] el castigador
Build order — ArcherX
First 150 of 407 actions detected
| 0:01 | Create | Villager (Male) |
| 0:02 | Build | House |
| 0:03 | Build | House |
| 0:08 | Create | Villager (Male) |
| 0:11 | Create | Villager (Male) |
| 0:18 | Create | Villager (Male) |
| 1:30 | Create | Villager (Male) |
| 1:53 | Build | Lumber Camp |
| 2:02 | Create | Villager (Male) |
| 2:22 | Create | Villager (Male) |
| 2:44 | Create | Villager (Male) |
| 3:16 | Create | Villager (Male) |
| 3:27 | Build | House |
| 3:42 | Create | Villager (Male) |
| 4:01 | Create | Villager (Male) |
| 4:05 | Build | House |
| 4:22 | Create | Villager (Male) |
| 4:39 | Create | Villager (Male) |
| 4:45 | Build | Barracks |
| 5:03 | Create | Villager (Male) |
| 5:10 | Build | House |
| 5:31 | Create | Villager (Male) |
| 5:39 | Create | Militia |
| 5:40 | Create | Militia |
| 5:56 | Create | Militia |
| 6:03 | Create | Villager (Male) |
| 6:11 | Build | House |
| 6:17 | Create | Militia |
| 6:18 | Create | Villager (Male) |
| 6:27 | Build | Palisade Wall |
| 6:28 | Build | Palisade Wall |
| 6:55 | Build | Mill |
| 7:01 | Create | Villager (Male) |
| 7:02 | Create | Villager (Male) |
| 7:03 | Research | Loom |
| 7:44 | Create | Villager (Male) |
| 7:48 | Build | House |
| 8:47 | Research | Feudal Age |
| 8:47 | Research | Feudal Age |
| 8:47 | Research | Feudal Age |
| 9:26 | Build | Mining Camp |
| 10:41 | Build | Farm |
| 10:42 | Build | Farm |
| 10:53 | Create | Villager (Male) |
| 10:57 | Age | Feudal Age |
| 11:00 | Build | Archery Range |
| 11:03 | Build | Archery Range |
| 11:06 | Research | Man-at-Arms (upgrade) |
| 11:08 | Research | Double-Bit Axe |
| 11:08 | Research | Double-Bit Axe |
| 11:08 | Create | Villager (Male) |
| 11:30 | Create | Villager (Male) |
| 11:36 | Research | Horse Collar |
| 11:41 | Create | Villager (Male) |
| 11:43 | Create | Archer |
| 11:57 | Create | Archer |
| 12:10 | Create | Villager (Male) |
| 12:12 | Create | Archer |
| 12:23 | Create | Archer |
| 12:24 | Create | Villager (Male) |
| 12:40 | Create | Villager (Male) |
| 12:44 | Build | Blacksmith |
| 12:50 | Create | Archer |
| 12:58 | Create | Villager (Male) |
| 13:06 | Create | Archer |
| 13:08 | Build | House |
| 13:29 | Build | Farm |
| 13:32 | Build | House |
| 13:34 | Research | Fletching |
| 13:45 | Build | Watch Tower |
| 13:50 | Create | Archer |
| 13:51 | Create | Villager (Male) |
| 13:57 | Build | Farm |
| 13:58 | Create | Villager (Male) |
| 14:03 | Build | Farm |
| 14:05 | Create | Villager (Male) |
| 14:15 | Create | Villager (Male) |
| 14:18 | Build | Palisade Wall |
| 14:24 | Create | Archer |
| 14:26 | Create | Villager (Male) |
| 14:30 | Build | House |
| 14:31 | Build | Palisade Wall |
| 14:49 | Create | Villager (Male) |
| 15:01 | Create | Archer |
| 15:01 | Create | Archer |
| 15:08 | Create | Villager (Male) |
| 15:23 | Build | Mining Camp |
| 15:31 | Create | Villager (Male) |
| 15:47 | Build | Palisade Wall |
| 15:51 | Build | Farm |
| 15:52 | Create | Villager (Male) |
| 16:00 | Create | Archer |
| 16:01 | Create | Archer |
| 16:06 | Create | Villager (Male) |
| 16:23 | Build | Farm |
| 16:31 | Build | Farm |
| 16:45 | Create | Villager (Male) |
| 17:05 | Create | Villager (Male) |
| 17:07 | Build | Market |
| 17:35 | Build | Farm |
| 17:38 | Build | Farm |
| 17:39 | Create | Villager (Male) |
| 17:39 | Create | Archer |
| 18:01 | Build | Farm |
| 18:06 | Create | Villager (Male) |
| 18:26 | Build | Lumber Camp |
| 18:36 | Research | Castle Age |
| 18:36 | Research | Castle Age |
| 18:43 | Create | Archer |
| 18:44 | Create | Archer |
| 19:08 | Build | Farm |
| 19:10 | Create | Archer |
| 19:10 | Create | Archer |
| 19:16 | Research | Gold Mining |
| 19:22 | Build | House |
| 19:44 | Build | House |
| 19:49 | Build | House |
| 19:52 | Create | Archer |
| 19:52 | Create | Archer |
| 19:59 | Build | House |
| 20:12 | Create | Archer |
| 20:12 | Create | Archer |
| 21:16 | Age | Castle Age |
| 21:18 | Research | Crossbowman (upgrade) |
| 21:19 | Research | Bodkin Arrow |
| 21:19 | Research | Bodkin Arrow |
| 21:20 | Create | Villager (Male) |
| 21:23 | Build | Siege Workshop |
| 21:28 | Research | Bow Saw |
| 21:31 | Create | Villager (Male) |
| 21:34 | Build | University |
| 21:52 | Create | Villager (Male) |
| 22:10 | Create | Mangonel |
| 22:11 | Build | House |
| 22:15 | Create | Villager (Male) |
| 22:25 | Create | Villager (Male) |
| 22:36 | Create | Mangonel |
| 22:43 | Create | Villager (Male) |
| 22:52 | Build | Monastery |
| 22:57 | Create | Villager (Male) |
| 23:05 | Create | Villager (Male) |
| 23:11 | Create | Mangonel |
| 23:11 | Create | Mangonel |
| 23:13 | Create | Villager (Male) |
| 24:08 | Create | Monk |
| 24:20 | Create | Unit 1962 |
| 24:24 | Create | Archer |
| 24:25 | Create | Archer |
| 24:26 | Create | Archer |
| 24:39 | Create | Villager (Male) |
Build order — [CL] el castigador
First 150 of 402 actions detected
| 0:00 | Create | Villager (Male) |
| 0:00 | Create | Villager (Male) |
| 0:01 | Create | Villager (Male) |
| 0:02 | Build | House |
| 0:02 | Build | House |
| 0:13 | Create | Villager (Male) |
| 0:13 | Create | Villager (Male) |
| 1:26 | Create | Villager (Male) |
| 1:26 | Create | Villager (Male) |
| 1:44 | Build | Lumber Camp |
| 2:03 | Create | Villager (Male) |
| 2:24 | Create | Villager (Male) |
| 2:24 | Create | Villager (Male) |
| 2:30 | Create | Villager (Male) |
| 2:30 | Create | Villager (Male) |
| 2:50 | Create | Villager (Male) |
| 2:51 | Create | Villager (Male) |
| 3:21 | Create | Villager (Male) |
| 3:21 | Create | Villager (Male) |
| 3:51 | Create | Villager (Male) |
| 3:51 | Create | Villager (Male) |
| 3:57 | Build | House |
| 3:59 | Build | House |
| 4:02 | Create | Villager (Male) |
| 4:03 | Create | Villager (Male) |
| 4:21 | Build | Mill |
| 4:37 | Create | Villager (Male) |
| 4:37 | Create | Villager (Male) |
| 4:39 | Create | Villager (Male) |
| 4:39 | Create | Villager (Male) |
| 4:45 | Research | Loom |
| 6:36 | Research | Feudal Age |
| 6:59 | Build | House |
| 7:03 | Build | Palisade Wall |
| 7:03 | Build | Palisade Wall |
| 7:04 | Build | Palisade Wall |
| 7:14 | Build | Palisade Wall |
| 7:15 | Build | Palisade Wall |
| 7:21 | Build | House |
| 7:51 | Build | House |
| 8:07 | Build | Palisade Wall |
| 8:08 | Build | Palisade Wall |
| 8:14 | Build | Palisade Wall |
| 8:16 | Build | House |
| 8:39 | Create | Villager (Male) |
| 8:50 | Age | Feudal Age |
| 9:04 | Build | Archery Range |
| 9:08 | Build | Palisade Gate |
| 9:22 | Create | Villager (Male) |
| 9:41 | Build | Palisade Wall |
| 9:41 | Create | Villager (Male) |
| 10:08 | Create | Villager (Male) |
| 10:19 | Create | Archer |
| 10:21 | Build | House |
| 10:23 | Create | Villager (Male) |
| 10:33 | Build | Palisade Wall |
| 10:38 | Research | Double-Bit Axe |
| 10:38 | Research | Horse Collar |
| 10:57 | Build | Palisade Wall |
| 11:03 | Create | Villager (Male) |
| 11:08 | Build | Farm |
| 11:19 | Create | Villager (Male) |
| 11:27 | Build | Palisade Gate |
| 11:30 | Build | House |
| 11:39 | Create | Villager (Male) |
| 11:47 | Build | Mining Camp |
| 11:54 | Build | Farm |
| 11:55 | Create | Villager (Male) |
| 12:02 | Build | Palisade Gate |
| 12:22 | Create | Villager (Male) |
| 12:29 | Create | Villager (Male) |
| 12:35 | Build | Farm |
| 12:36 | Build | Farm |
| 12:53 | Build | House |
| 12:58 | Create | Villager (Male) |
| 13:01 | Build | Farm |
| 13:12 | Create | Villager (Male) |
| 13:14 | Build | Farm |
| 13:37 | Create | Villager (Male) |
| 13:39 | Build | Lumber Camp |
| 13:45 | Research | Town Watch |
| 13:48 | Build | Farm |
| 13:58 | Create | Villager (Male) |
| 14:03 | Build | Mining Camp |
| 14:14 | Create | Villager (Male) |
| 14:23 | Create | Villager (Male) |
| 14:36 | Build | Blacksmith |
| 14:42 | Create | Villager (Male) |
| 14:56 | Build | Watch Tower |
| 15:06 | Create | Villager (Male) |
| 15:10 | Create | Skirmisher |
| 15:18 | Create | Skirmisher |
| 15:23 | Create | Villager (Male) |
| 15:40 | Build | Farm |
| 15:48 | Create | Villager (Male) |
| 15:51 | Create | Skirmisher |
| 16:07 | Build | Gate |
| 16:19 | Research | Fletching |
| 16:19 | Research | Fletching |
| 16:20 | Create | Skirmisher |
| 16:21 | Create | Skirmisher |
| 16:23 | Research | Padded Archer Armor |
| 16:23 | Create | Villager (Male) |
| 16:29 | Build | Farm |
| 16:31 | Build | Farm |
| 16:41 | Build | Farm |
| 16:48 | Create | Villager (Male) |
| 17:07 | Build | House |
| 17:34 | Create | Villager (Male) |
| 17:36 | Build | House |
| 17:39 | Build | Farm |
| 17:41 | Build | Farm |
| 17:49 | Build | House |
| 17:50 | Build | House |
| 18:04 | Create | Villager (Male) |
| 18:17 | Build | Gate |
| 18:30 | Build | Farm |
| 18:37 | Build | Farm |
| 18:42 | Build | Farm |
| 18:42 | Build | Farm |
| 18:45 | Build | Farm |
| 19:08 | Research | Castle Age |
| 19:08 | Research | Castle Age |
| 19:08 | Research | Castle Age |
| 19:15 | Build | Gate |
| 19:20 | Build | Archery Range |
| 19:24 | Create | Skirmisher |
| 19:28 | Research | Padded Archer Armor |
| 19:28 | Research | Padded Archer Armor |
| 19:45 | Research | Stone Mining |
| 19:48 | Research | Gold Mining |
| 19:53 | Build | Farm |
| 19:54 | Create | Skirmisher |
| 20:10 | Build | House |
| 20:15 | Create | Skirmisher |
| 20:15 | Create | Skirmisher |
| 20:28 | Build | Outpost |
| 20:43 | Create | Skirmisher |
| 20:54 | Build | Stable |
| 21:01 | Research | Scale Barding Armor |
| 21:04 | Create | Villager (Male) |
| 21:38 | Research | Bloodlines |
| 21:48 | Age | Castle Age |
| 21:48 | Research | Bodkin Arrow |
| 21:49 | Research | Bodkin Arrow |
| 21:56 | Research | Bow Saw |
| 22:06 | Research | Elite Skirmisher (upgrade) |
| 22:06 | Research | Elite Skirmisher (upgrade) |
| 22:09 | Research | Leather Archer Armor |
| 22:11 | Create | Villager (Male) |
Match timeline
| 4:45 | ArcherX · first_building Barracks |
| 6:27 | ArcherX · wall_segment Palisade Wall x1 |
| 6:28 | ArcherX · wall_segment Palisade Wall x1 |
| 7:03 | [CL] el castigador · wall_segment Palisade Wall x1 |
| 7:03 | [CL] el castigador · wall_segment Palisade Wall x1 |
| 7:04 | [CL] el castigador · wall_segment Palisade Wall x1 |
| 7:14 | [CL] el castigador · wall_segment Palisade Wall x6 |
| 7:15 | [CL] el castigador · wall_segment Palisade Wall x5 |
| 8:07 | [CL] el castigador · wall_segment Palisade Wall x1 |
| 8:08 | [CL] el castigador · wall_segment Palisade Wall x1 |
| 8:14 | [CL] el castigador · wall_segment Palisade Wall x1 |
| 8:50 | [CL] el castigador · age_up feudal |
| 9:04 | [CL] el castigador · first_building Archery Range |
| 9:41 | [CL] el castigador · wall_segment Palisade Wall x11 |
| 10:33 | [CL] el castigador · wall_segment Palisade Wall x14 |
| 10:57 | ArcherX · age_up feudal |
| 10:57 | [CL] el castigador · wall_segment Palisade Wall x7 |
| 11:00 | ArcherX · first_building Archery Range |
| 14:18 | ArcherX · wall_segment Palisade Wall x8 |
| 14:31 | ArcherX · wall_segment Palisade Wall x8 |
| 15:47 | ArcherX · wall_segment Palisade Wall x1 |
| 17:48 | ArcherX · first_market_buy 100 food |
| 17:50 | ArcherX · first_market_sell 100 stone |
| 20:54 | [CL] el castigador · first_building Stable |
| 21:16 | ArcherX · age_up castle |
| 21:23 | ArcherX · first_building Siege Workshop |
| 21:48 | [CL] el castigador · age_up castle |
| 22:52 | ArcherX · first_building Monastery |
| 27:20 | [CL] el castigador · first_building Siege Workshop |
| 30:28 | ArcherX · first_building Castle |
| 31:20 | [CL] el castigador · first_market_buy 100 food |
| 31:40 | [CL] el castigador · first_building Monastery |
| 37:13 | [CL] el castigador · first_market_sell 100 food |
| 40:14 | ArcherX · age_up imperial |
| 40:26 | [CL] el castigador · age_up imperial |
| 42:52 | [CL] el castigador · wall_segment Stone Wall x1 |
| 42:54 | [CL] el castigador · wall_segment Stone Wall x1 |
| 44:08 | [CL] el castigador · resign |
[ AI ANALYSIS · 1 CREDIT ]
What really happened in this match?
Wolo.gg analyzes every decision: build order, eco, micro, common mistakes by bracket. Personalized analysis on WhatsApp or Discord in 30 seconds.
Civ guide
Shu
Perfil
Jugador #1955552